 Dungeon Crawl Stone Soup version 0.29-a0-542-g075992c915 (webtiles) character file.

Game seed: 585718950162296380

988 MechDurjaeses the Shield-Bearer (level 8, -1/67 HPs)
             Began as a Gnoll Fighter on June 3, 2022.
             Succumbed to an orc wizard's poison
             ... on level 5 of the Dungeon.
             The game lasted 00:09:24 (5912 turns).

MechDurjaeses the Shield-Bearer (Gnoll Fighter)     Turns: 5912, Time: 00:09:26

Health: -1/67      AC:  7    Str: 17    XL:     8   Next: 18%
Magic:  12/12      EV: 10    Int: 13    God:
Gold:   331        SH:  6    Dex: 13    Spells: 11/13 levels left

rFire   . . .      SeeInvis .   a - +0 trident (vorpal)
rCold   . . .      Faith    .   c - +0 buckler
rNeg    . . .      Spirit   .   b - +0 scale mail
rPois   .          Reflect  .   (no helmet)
rElec   .          Harm     .   (no cloak)
rCorr   .          Rampage  .   (no gloves)
Will    +....                   (no boots)
Stlth   +.........              (no amulet)
HPRegen 0.21/turn               s - ring of willpower
MPRegen 0.13/turn               t - +6 ring of intelligence

@: lethally poisoned (-1 -> -26)
A: fangs 1, strong nose, distributed training
a: no special abilities


You were on level 5 of the Dungeon.
You visited 1 branch of the dungeon, and saw 6 of its levels.

You collected 331 gold pieces.

Inventory:

Hand Weapons
 a - a +0 vorpal trident (weapon)
 v - a +2 flail of draining
Missiles
 j - 8 poisoned darts (quivered)
Armour
 b - a +0 scale mail (worn)
 c - a +0 buckler (worn)
Jewellery
 s - a ring of willpower (left hand)
 t - a +6 ring of intelligence (right hand)
Wands
 q - a wand of flame (13)
Scrolls
 i - 2 scrolls of immolation
 n - a scroll of noise
 o - 4 scrolls of teleportation
 w - a scroll of poison
Potions
 d - a potion of might
 e - 5 potions of flight
 f - 2 potions of lignification
 g - a potion of attraction {unknown}
 h - 2 potions of cancellation {unknown}
 k - 2 potions of degeneration {unknown}
 l - 2 potions of heal wounds {unknown}
 m - 4 potions of curing
 p - 2 potions of mutation {unknown}
 r - a potion of magic {unknown}
 u - a potion of haste {unknown}


   Skills:
 + Level 7.2 Fighting
 + Level 3.0 Short Blades
 + Level 3.0 Long Blades
 + Level 3.0 Axes
 + Level 3.0 Maces & Flails
 + Level 5.5 Polearms
 + Level 3.0 Staves
 + Level 3.0 Slings
 + Level 3.0 Bows
 + Level 3.0 Crossbows
 + Level 3.0 Throwing
 + Level 7.2 Armour
 + Level 3.0 Dodging
 + Level 3.0 Stealth
 + Level 7.2 Shields
 + Level 3.0 Unarmed Combat
 + Level 3.0 Spellcasting
 + Level 2.4 Conjurations
 + Level 2.4 Hexes
 + Level 2.4 Summonings
 + Level 2.4 Necromancy
 + Level 2.4 Translocations
 + Level 2.4 Transmutations
 + Level 2.4 Fire Magic
 + Level 2.4 Ice Magic
 + Level 2.4 Air Magic
 + Level 2.4 Earth Magic
 + Level 2.4 Poison Magic
 + Level 3.3 Invocations
 + Level 3.0 Evocations


You had 11 spell levels left.
You knew the following spells:

 Your Spells              Type           Power      Damage    Failure   Level
a - Scorch                Fire           16%        2d6       43%         2

Your spell library contained the following spells:

 Spells                   Type           Power      Damage    Failure   Level
 Flame Wave               Conj/Fire      8%         2d5       97%         4
 Summon Forest            Summ/Tloc      4%         N/A       100%        5
 Summon Mana Viper        Hex/Summ       8%         N/A       100%        5
 Summon Cactus Giant      Summ           4%         N/A       100%        6


Dungeon Overview and Level Annotations

Branches:
Dungeon (6/15)
 Temple: D:4-7

Altars:
Elyvilon
Fedhas
Gozag
Vehumet
Yredelemnul
The Shining One


Innate Abilities, Weirdness & Mutations

You have very sharp teeth.
Your uncanny sense of smell can sniff out nearby items.
Your experience applies equally to all skills.


Message History

Beogh smites you!
You closely miss the orc warrior. You block the orc's attack.
The orc warrior hits you with a +0 flail!
You barely miss the orc warrior.
A nearby fungus withers and dies.
The orc misses you. The orc warrior completely misses you.
You hit the orc warrior. You bite the orc warrior.
The orc warrior is moderately wounded.
The orc barely misses you. Something hits you.
Unknown command.
Something you can't see is in the way.
You miss something. Something hits you.
You are poisoned.
Something hits you.
You are more poisoned.
Something you can't see is in the way.
You barely miss something.
You feel very sick. Something hits you.
You reach to attack!
You hit the orc warrior but do no damage.
The orc warrior is moderately wounded.
You feel very sick. Something hits you. Something you can't see is in the way.
You closely miss something. Your bite misses something.
You feel sick. Something hits you.
You are more poisoned.
You are too injured to fight recklessly!
Something hits you.
You are lethally poisoned!
* * * LOW HITPOINT WARNING * * *
You feel extremely sick.
* * * LOW HITPOINT WARNING * * *
You feel very sick.
There is a stone staircase leading up here.
* * * LOW HITPOINT WARNING * * *
You feel very sick. Something hits you.
* * * LOW HITPOINT WARNING * * *
You are more poisoned.
You climb upwards.
Reactivating autopickup.
You die...

..........'..........#^'...#.....
..........#..........###...#.....
..........#.####...###.'...#.....
......#####.####...#####)###.##..
......#............#...P.P...##..
......#............#..........#..
......#............##....#....#..
......#............##...##....#..
......#..##.####@..##.)......##..
......#..##.####...##........####
......#............+.............
......#............##...##.......
##....#..####.#######...##...##..
#....#..####.###..##...##...##..
#....#.....#............#.......
#....#.....#............#.......
#.<..#....##..##.)##...##.......


There were no monsters in sight!

Vanquished Creatures
  A steam dragon (D:6)
  An ice beast (D:4)
  2 phantoms
  3 scorpions
  A howler monkey (D:2)
  A jelly (D:5)
  2 orc priests (D:4)
  2 hounds (D:5)
  2 orc wizards
  An iguana (D:5)
  A gnoll (D:5)
  5 adders
  A white imp (D:5)
  3 worms
  5 dart slugs
  15 orcs
  5 ball pythons
  10 endoplasms
  2 giant cockroaches (D:2)
  5 goblins
  8 hobgoblins
  5 kobolds
  4 quokkas
  7 bats
  7 frilled lizards
  5 rats
104 creatures vanquished.

Vanquished Creatures (collateral kills)
  3 orcs (D:5)
3 creatures vanquished.

Vanquished Creatures (others)
  2 fungi (D:6)
2 creatures vanquished.

Grand Total: 109 creatures vanquished

Notes
Turn   | Place    | Note
-------+----------+-------------------------------------------
     0 | D:1      | MechDurjaeses the Gnoll Fighter began the quest for the
                  | Orb.
     0 | D:1      | Reached XP level 1. HP: 23/23 MP: 1/1
   133 | D:1      | Found a faded altar of an unknown god.
   191 | D:1      | Reached XP level 2. HP: 29/29 MP: 2/2
   458 | D:1      | Reached XP level 3. HP: 35/35 MP: 3/3
   747 | D:2      | Reached skill level 1 in Short Blades
   747 | D:2      | Reached skill level 1 in Long Blades
   747 | D:2      | Reached skill level 1 in Axes
   747 | D:2      | Reached skill level 1 in Maces & Flails
   747 | D:2      | Reached skill level 1 in Staves
   747 | D:2      | Reached skill level 1 in Slings
   747 | D:2      | Reached skill level 1 in Bows
   747 | D:2      | Reached skill level 1 in Crossbows
   747 | D:2      | Reached skill level 1 in Throwing
   747 | D:2      | Reached skill level 1 in Dodging
   747 | D:2      | Reached skill level 1 in Stealth
   747 | D:2      | Reached skill level 1 in Unarmed Combat
   747 | D:2      | Reached skill level 1 in Spellcasting
   747 | D:2      | Reached skill level 1 in Invocations
   747 | D:2      | Reached skill level 1 in Evocations
   747 | D:2      | Reached XP level 4. HP: 38/41 MP: 5/5
   930 | D:2      | Reached skill level 1 in Conjurations
   930 | D:2      | Reached skill level 1 in Hexes
   930 | D:2      | Reached skill level 1 in Summonings
   930 | D:2      | Reached skill level 1 in Necromancy
   930 | D:2      | Reached skill level 1 in Translocations
   930 | D:2      | Reached skill level 1 in Transmutations
   930 | D:2      | Reached skill level 1 in Fire Magic
   930 | D:2      | Reached skill level 1 in Ice Magic
   930 | D:2      | Reached skill level 1 in Air Magic
   930 | D:2      | Reached skill level 1 in Earth Magic
   930 | D:2      | Reached skill level 1 in Poison Magic
  1299 | D:2      | Reached XP level 5. HP: 42/47 MP: 6/6
  1814 | D:3      | Found a radiant altar of Vehumet.
  2135 | D:3      | Learned a level 2 spell: Scorch
  2636 | D:4      | Reached XP level 6. HP: 35/53 MP: 8/8
  3093 | D:4      | Reached skill level 5 in Polearms
  3615 | D:4      | Noticed an ice beast
  3631 | D:4      | Killed an ice beast
  3632 | D:4      | Reached XP level 7. HP: 35/60 MP: 10/10
  4029 | D:4      | Found a glowing golden altar of the Shining One.
  4029 | D:4      | Found a blossoming altar of Fedhas.
  4029 | D:4      | Found an opulent altar of Gozag.
  4493 | D:5      | Entered Level 5 of the Dungeon
  5182 | D:5      | Found a basalt altar of Yredelemnul.
  5530 | D:5      | Reached XP level 8. HP: 62/67 MP: 12/12
  5603 | D:5      | Found a white marble altar of Elyvilon.
  5912 | D:5      | Succumbed to an orc wizard's poison

Illustrated notes

Levels and vault maps discovered:
D:1:      beargit_arrival_greenhouse, layout_rooms,
          hellmonk_ecumenical_altar_leap_of_faith
D:2:      layout_basic, kennysheep_generic_room_8
D:3:      layout_loops_ring, mainiacjoe_overflow_catwalk
D:4:      layout_layer_cave, gammafunk_temple_overflow_claw
D:5:      layout_gridville, kennysheep_ying_yang, hex_tiny, cheibrodos_gnoll_hut
D:6:      layout_gridville, mainiacjoe_overflow_chevrons,
          serial_co_window_serial, co_window_corner_a, co_window_paths_b,
          co_window_corner_a, co_window_paths_a, co_window_corner_a,
          co_window_of_opportunity_c, co_window_corner_b, co_window_corner_ca,
          co_window_corner_b, co_window_broadway_a, co_window_cross_4,
          co_window_unsneaky_path_d, co_window_paths_d, glass_columns_c,
          glass_columns_b, glass_columns_c, glass_columns_a, glass_columns_c,
          uniq_grinder

Skill      XL: |  1  2  3  4  5  6  7  8 |
---------------+-------------------------+-----
Short Blades   | 1 2 3 |  3.0
Long Blades    | 1 2 3 |  3.0
Axes           | 1 2 3 |  3.0
Maces & Flails | 1 2 3 |  3.0
Staves         | 1 2 3 |  3.0
Slings         | 1 2 3 |  3.0
Bows           | 1 2 3 |  3.0
Crossbows      | 1 2 3 |  3.0
Throwing       | 1 2 3 |  3.0
Dodging        | 1 2 3 |  3.0
Stealth        | 1 2 3 |  3.0
Unarmed Combat | 1 2 3 |  3.0
Spellcasting   | 1 2 3 |  3.0
Invocations    | 1 2 3 |  3.3
Evocations     | 1 2 3 |  3.0
Conjurations   | 1 2 |  2.4
Hexes          | 1 2 |  2.4
Summonings     | 1 2 |  2.4
Necromancy     | 1 2 |  2.4
Translocations | 1 2 |  2.4
Transmutations | 1 2 |  2.4
Fire Magic     | 1 2 |  2.4
Ice Magic      | 1 2 |  2.4
Air Magic      | 1 2 |  2.4
Earth Magic    | 1 2 |  2.4
Poison Magic   | 1 2 |  2.4
Polearms       | 5 |  5.5
Fighting       | 7 |  7.2
Armour         | 7 |  7.2
Shields        | 7 |  7.2

Action                   |  1- 3 |  4- 6 |  7- 9 || total
-------------------------+-------+-------+-------++-------
Melee: Trident           |    68 |   147 |    47 ||   262
       Bite              |     6 |    20 |     6 ||    32
       Flail             |       |    86 |    41 ||   127
 Cast: Scorch            |       |     1 |       ||     1
  Use: Scroll            |     4 |     2 |     6 ||    12
       Potion            |       |     2 |     1 ||     3
Armor: Scale mail        |    24 |    94 |    41 ||   159
Dodge: Dodged            |    22 |    69 |    33 ||   124
Block: Buckler           |    11 |    66 |    25 ||   102

Table legend: (Time is in decaauts)
 A = Elapsed time spent in this place.
 B = Non-inter-level travel time spent in this place.
 C = Inter-level travel time spent in this place.
 D = Time resting spent in this place.
 E = Time spent auto-exploring this place.
 F = Levels seen in this place.
 G = Mean time per level.
                   A        B        C        D        E       F      G
               +--------+--------+--------+--------+--------+-----+--------+
         Total |   5977 |   5757 |    220 |    567 |   4328 |   6 |  996.2 |
       Dungeon |   5977 |   5757 |    220 |    567 |   4328 |   6 |  996.2 |
               +--------+--------+--------+--------+--------+-----+--------+

Top non-repeatable levels by time:
     D:4: 2022 daAuts
     D:5: 1294 daAuts
     D:2: 1037 daAuts
     D:3: 829 daAuts
     D:1: 652 daAuts
     D:6: 141 daAuts
